SNL (28 & UNDER)
MEMPHIS BLUES @ WICHITA WRANGLERS
05/07/2024
 
TOP OF THE 1ST
Memphis Blues batting - Pitching for Wichita Wranglers : RHP Tom Long
Pitching: RHP Tom Long
Batting: RHB Jorge Domínguez 0-0: Ball
1-0: Ball
2-0: Ground out 6-3 (Groundball, 6)
Batting: RHB Dave Wookey 0-0: Ball
1-0: Called Strike
1-1: Ball
2-1: Swinging Strike
2-2: Strikes out swinging
Batting: RHB Dale Taylor 0-0: Ball
1-0: Ball
2-0: Ball
3-0: Base on Balls
Batting: RHB Bob Orr 0-0: Ball
1-0: Called Strike
1-1: Ball
2-1: Foul Ball, location: 2F
2-2: Ball
3-2: Foul Ball, location: 2F
3-2: SINGLE (Groundball, 13) (infield hit)
Dale Taylor to second
Batting: LHB Arturo Rivera 0-0: Ground out 4-3 (Groundball, 4)
Top of the 1st over - 0 run(s), 1 hit(s), 0 error(s), 2 left on base; Memphis 0 - Wichita 0
BOTTOM OF THE 1ST
Wichita Wranglers batting - Pitching for Memphis Blues : RHP Kunihiko Daikawa
Pitching: RHP Kunihiko Daikawa
Batting: SHB Martín Medina 0-0: Foul Ball, location: 2F
0-1: Ball
1-1: Ball
2-1: Called Strike
2-2: Strikes out looking
Batting: LHB Eric Peterson 0-0: Called Strike
0-1: Ball
1-1: SINGLE (Line Drive, 4MD)
Batting: RHB Bob Hall 0-0: Called Strike
0-1: Called Strike
0-2: Ball
1-2: DOUBLE (Line Drive, 8RS)
Eric Peterson to third
Batting: RHB Norberto Taváres 0-0: Ball
1-0: Ball
2-0: Ball
3-0: Base on Balls
Batting: RHB Hamilton Holbrook 0-0: Swinging Strike
0-1: Ball
1-1: SINGLE (Groundball, 6D) (infield hit)
Eric Peterson scores
Bob Hall to third
Norberto Taváres to second
Batting: LHB Ramiro Martínez 0-0: Fly out, F6 (Popup, 5)
Batting: RHB Tom Howe 0-0: Hit by Pitch
Bob Hall scores
Norberto Taváres to third
Hamilton Holbrook to second
Batting: RHB Dave Henderson 0-0: Swinging Strike
0-1: Foul Ball, location: 2F
0-2: Foul Ball, location: 2F
0-2: Ball
1-2: Strikes out swinging
Bottom of the 1st over - 2 run(s), 3 hit(s), 0 error(s), 3 left on base; Memphis 0 - Wichita 2
TOP OF THE 2ND
Memphis Blues batting - Pitching for Wichita Wranglers : RHP Tom Long
Batting: RHB Sadao Kato 0-0: Called Strike
0-1: Ball
1-1: Ball
2-1: Foul Ball, location: 2F
2-2: Foul Ball, location: 2F
2-2: Ball
3-2: Base on Balls
Batting: RHB Glenn Johnson 0-0: Ball
1-0: Ball
2-0: Grounds into double play, 4-6-3 (Groundball, 4)
Batting: RHB Dave O'Neill 0-0: Fly out, F6 (Line Drive, 56D)
Top of the 2nd over - 0 run(s), 0 hit(s), 0 error(s), 0 left on base; Memphis 0 - Wichita 2
BOTTOM OF THE 2ND
Wichita Wranglers batting - Pitching for Memphis Blues : RHP Kunihiko Daikawa
Batting: SHB Shane Hutchinson 0-0: Ball
1-0: Ball
2-0: Ball
3-0: Base on Balls
Batting: SHB Martín Medina 0-0: Ball
1-0: Ball
2-0: Called Strike
2-1: Ball
3-1: Called Strike
3-2: SINGLE (Groundball, 34D)
Shane Hutchinson to second
Runner from 2nd tries for 3rd, SAFE, no throw or cutoff
Batting: LHB Eric Peterson 0-0: Ball
1-0: Ball
2-0: Called Strike
2-1: Ball
3-1: Foul Ball, location: 2F
3-2: Strikes out looking
Batting: RHB Bob Hall 0-0: Ball
Martín Medina steals 2nd base
1-0: Called Strike
1-1: Ball
2-1: Foul Ball, location: 2F
2-2: Ball
3-2: Foul Ball, location: 2F
3-2: Foul Ball, location: 2F
3-2: Strikes out swinging
Batting: RHB Norberto Taváres 0-0: Reached on error, E4 (Groundball, 34)
Shane Hutchinson scores
Martín Medina to third
Batting: RHB Hamilton Holbrook 0-0: Called Strike
0-1: Called Strike
0-2: SINGLE (Flyball, 6MD)
Martín Medina scores
Norberto Taváres to second
Norberto Taváres to third
Batting: LHB Ramiro Martínez 0-0: Ball
1-0: Ball
2-0: Called Strike
2-1: Called Strike
2-2: Strikes out swinging
Bottom of the 2nd over - 2 run(s), 2 hit(s), 1 error(s), 2 left on base; Memphis 0 - Wichita 4
TOP OF THE 3RD
Memphis Blues batting - Pitching for Wichita Wranglers : RHP Tom Long
Batting: RHB Dale O'Feennaghty 0-0: Ball
1-0: Foul Ball, location: 2F
1-1: Foul Ball, location: 2F
1-2: Ball
2-2: Foul Ball, location: 2F
2-2: Foul Ball, location: 2F
2-2: Ball
3-2: Base on Balls
Batting: RHB Jorge Domínguez 0-0: Called Strike
0-1: Foul Ball, location: 2F
0-2: Ball
1-2: Ball
2-2: Foul Ball, location: 2F
2-2: Foul Ball, location: 2F
2-2: Fly out, F6 (Line Drive, 6)
Batting: RHB Dave Wookey 0-0: Called Strike
0-1: Ball
1-1: Swinging Strike
1-2: Ball
2-2: Ball
3-2: Foul Ball, location: 2F
3-2: Foul Ball, location: 2F
3-2: Base on Balls
Dale O'Feennaghty to second
Batting: RHB Dale Taylor 0-0: Ball
1-0: Ground out 5-3 (Groundball, 56S)
Dale O'Feennaghty to third
Dave Wookey to second
Batting: RHB Bob Orr 0-0: Called Strike
0-1: Foul Ball, location: 2F
0-2: Hit by Pitch
Batting: LHB Arturo Rivera 0-0: Ball
1-0: Ball
2-0: Called Strike
2-1: Foul Ball, location: 2F
2-2: Strikes out swinging
Top of the 3rd over - 0 run(s), 0 hit(s), 0 error(s), 3 left on base; Memphis 0 - Wichita 4
BOTTOM OF THE 3RD
Wichita Wranglers batting - Pitching for Memphis Blues : RHP Kunihiko Daikawa
Batting: RHB Tom Howe 0-0: Ball
1-0: Ground out 6-3 (Groundball, 6M)
Batting: RHB Dave Henderson 0-0: Called Strike
0-1: Swinging Strike
0-2: Strikes out looking
Batting: SHB Shane Hutchinson 0-0: Fly out, F8 (Flyball, 8LM)
Bottom of the 3rd over - 0 run(s), 0 hit(s), 0 error(s), 0 left on base; Memphis 0 - Wichita 4
TOP OF THE 4TH
Memphis Blues batting - Pitching for Wichita Wranglers : RHP Tom Long
Batting: RHB Sadao Kato 0-0: Ball
1-0: Swinging Strike
1-1: Foul Ball, location: 2F
1-2: Strikes out swinging
Batting: RHB Glenn Johnson 0-0: Called Strike
0-1: Foul Ball, location: 2F
0-2: Strikes out swinging
Batting: RHB Dave O'Neill 0-0: Fly out, F8 (Flyball, 8LXD)
Top of the 4th over - 0 run(s), 0 hit(s), 0 error(s), 0 left on base; Memphis 0 - Wichita 4
BOTTOM OF THE 4TH
Wichita Wranglers batting - Pitching for Memphis Blues : RHP Kunihiko Daikawa
Batting: SHB Martín Medina 0-0: Bunted foul
0-1: Swinging Strike
0-2: Foul Ball, location: 2F
0-2: Ball
1-2: Ball
2-2: Ball
3-2: Foul Ball, location: 2F
3-2: Fly out, F8 (Flyball, 8RD)
Batting: LHB Eric Peterson 0-0: Called Strike
0-1: Ball
1-1: Ground out 4-3 (Groundball, 4)
Batting: RHB Bob Hall 0-0: Ball
1-0: Ground out 5-3 (Groundball, 5)
Bottom of the 4th over - 0 run(s), 0 hit(s), 0 error(s), 0 left on base; Memphis 0 - Wichita 4
TOP OF THE 5TH
Memphis Blues batting - Pitching for Wichita Wranglers : RHP Tom Long
Batting: RHB Dale O'Feennaghty 0-0: Foul Ball, location: 2F
0-1: Ball
1-1: Foul Ball, location: 2F
1-2: Foul Ball, location: 2F
1-2: Strikes out looking
Batting: RHB Jorge Domínguez 0-0: Called Strike
0-1: Ball
1-1: Ball
2-1: Foul Ball, location: 2F
2-2: Ball
3-2: Base on Balls
Batting: RHB Dave Wookey 0-0: Ball
1-0: Ball
Balk!
Jorge Domínguez to second
2-0: Ball
3-0: Called Strike
3-1: Called Strike
3-2: Foul Ball, location: 2F
3-2: Base on Balls
Batting: RHB Dale Taylor 0-0: Ball
1-0: Called Strike
1-1: Foul Ball, location: 2F
1-2: Strikes out swinging
Batting: RHB Bob Orr 0-0: Called Strike
0-1: Ball
Wild Pitch!
Jorge Domínguez to third
Dave Wookey to second
1-1: Ball
2-1: Called Strike
2-2: Ball
3-2: Strikes out looking
Top of the 5th over - 0 run(s), 0 hit(s), 0 error(s), 2 left on base; Memphis 0 - Wichita 4
BOTTOM OF THE 5TH
Wichita Wranglers batting - Pitching for Memphis Blues : RHP Kunihiko Daikawa
Batting: RHB Norberto Taváres 0-0: Ball
1-0: Called Strike
1-1: Ball
2-1: Foul Ball, location: 2F
2-2: Foul Ball, location: 2F
2-2: Ball
3-2: Base on Balls
Pitching: RHP Rafael Ressureio
Batting: RHB Hamilton Holbrook 0-0: Ball
1-0: Foul Ball, location: 2F
1-1: Fly out, F2 (Popup, 2RF)
Batting: LHB Ramiro Martínez 0-0: Ball
Norberto Taváres steals 2nd base
1-0: Ball
2-0: Ground out 3-6 (Groundball, 3)
Norberto Taváres to third
Batting: RHB Tom Howe 0-0: SINGLE (Line Drive, 56D)
Norberto Taváres scores
Batting: RHB Dave Henderson 0-0: Ball
Tom Howe steals 2nd base
1-0: Swinging Strike
1-1: Fly out, F1 (Popup, 23)
Bottom of the 5th over - 1 run(s), 1 hit(s), 0 error(s), 1 left on base; Memphis 0 - Wichita 5
TOP OF THE 6TH
Memphis Blues batting - Pitching for Wichita Wranglers : RHP Tom Long
Pitching: RHP Reginaldo Coscia
Batting: LHB Arturo Rivera 0-0: Ball
1-0: Swinging Strike
1-1: Foul Ball, location: 2F
1-2: Strikes out swinging
Batting: RHB Sadao Kato 0-0: Called Strike
0-1: Foul Ball, location: 2F
0-2: Ball
1-2: SINGLE (Groundball, 5)
Batting: RHB Glenn Johnson 0-0: Called Strike
0-1: Ball
1-1: Ball
2-1: Ball
3-1: Base on Balls
Sadao Kato to second
Batting: RHB Dave O'Neill 0-0: Ball
1-0: Called Strike
1-1: Ball
2-1: Foul Ball, location: 2F
2-2: Ball
3-2: Reached on error, E1 (Groundball, 23)
Sadao Kato to third
Glenn Johnson to second
Batting: RHB Dale O'Feennaghty 0-0: Ball
1-0: Ball
2-0: Ball
3-0: Base on Balls
Sadao Kato scores
Glenn Johnson to third
Dave O'Neill to second
Batting: RHB Jorge Domínguez 0-0: Called Strike
0-1: Ball
1-1: Fly out, F3 (Popup, 34)
Batting: RHB Dave Wookey 0-0: Foul Ball, location: 2F
0-1: SINGLE (Groundball, 56D)
Glenn Johnson scores
Dave O'Neill to third
Dale O'Feennaghty to second
Runner from 3rd tries for Home, SAFE, no throw or cutoff
Batting: RHB Dale Taylor 0-0: Called Strike
0-1: Swinging Strike
0-2: Strikes out swinging
Top of the 6th over - 3 run(s), 2 hit(s), 1 error(s), 2 left on base; Memphis 3 - Wichita 5
BOTTOM OF THE 6TH
Wichita Wranglers batting - Pitching for Memphis Blues : RHP Rafael Ressureio
Batting: SHB Shane Hutchinson 0-0: Ball
1-0: Ball
2-0: Swinging Strike
2-1: Ball
3-1: Base on Balls
Batting: SHB Martín Medina 0-0: Swinging Strike
0-1: Called Strike
0-2: Ball
1-2: Ball
2-2: Ball
3-2: Strikes out swinging
Batting: LHB Eric Peterson 0-0: Ball
1-0: Ball
2-0: Foul Ball, location: 2F
2-1: Called Strike
2-2: Ball
3-2: Strikes out swinging
Throwing error on steal attempt, E2
Shane Hutchinson to third
Batting: RHB Bob Hall 0-0: Called Strike
0-1: Ball
1-1: Ball
2-1: Fly out, F5 (Popup, 25)
Bottom of the 6th over - 0 run(s), 0 hit(s), 1 error(s), 1 left on base; Memphis 3 - Wichita 5
TOP OF THE 7TH
Memphis Blues batting - Pitching for Wichita Wranglers : RHP Reginaldo Coscia
Batting: RHB Bob Orr 0-0: Foul Ball, location: 2F
0-1: Ball
1-1: Foul Ball, location: 2F
1-2: Ball
2-2: Ground out 3-1 (Groundball, 34S)
Batting: LHB Arturo Rivera 0-0: SINGLE (Groundball, 25) (infield hit)
Batting: RHB Sadao Kato 0-0: Ball
1-0: Called Strike
Arturo Rivera is caught stealing 2nd base
1-1: Ground out 5-3 (Groundball, 56)
Top of the 7th over - 0 run(s), 1 hit(s), 0 error(s), 0 left on base; Memphis 3 - Wichita 5
BOTTOM OF THE 7TH
Wichita Wranglers batting - Pitching for Memphis Blues : RHP Rafael Ressureio
Pitching: RHP Lee Donahue
Batting: RHB Norberto Taváres 0-0: Called Strike
0-1: Fly out, F3 (Line Drive, 3S)
Batting: RHB Hamilton Holbrook 0-0: Called Strike
0-1: Ball
1-1: Called Strike
1-2: Ball
2-2: Strikes out looking
Batting: LHB Ramiro Martínez 0-0: Ball
1-0: Called Strike
1-1: Called Strike
1-2: Ball
2-2: Ball
3-2: Foul Ball, location: 2F
3-2: Fly out, F9 (Line Drive, 9LD)
Bottom of the 7th over - 0 run(s), 0 hit(s), 0 error(s), 0 left on base; Memphis 3 - Wichita 5
TOP OF THE 8TH
Memphis Blues batting - Pitching for Wichita Wranglers : RHP Reginaldo Coscia
Pitching: LHP John Livingston
Batting: RHB Glenn Johnson 0-0: Ball
1-0: Ground out 5-3 (Groundball, 56)
Batting: RHB Dave O'Neill 0-0: Foul Ball, location: 2F
0-1: Ball
1-1: Called Strike
1-2: Strikes out swinging
Batting: RHB Dale O'Feennaghty 0-0: Ball
1-0: Ground out 5-3 (Groundball, 5S)
Top of the 8th over - 0 run(s), 0 hit(s), 0 error(s), 0 left on base; Memphis 3 - Wichita 5
BOTTOM OF THE 8TH
Wichita Wranglers batting - Pitching for Memphis Blues : RHP Lee Donahue
Batting: RHB Tom Howe 0-0: Foul Ball, location: 2F
0-1: Ball
1-1: Foul Ball, location: 2F
1-2: Foul Ball, location: 2F
1-2: Hit by Pitch
Batting: RHB Dave Henderson 0-0: Ball
1-0: Called Strike
Tom Howe steals 2nd base
1-1: Ball
2-1: Foul Ball, location: 2F
2-2: Ground out 4-3 (Groundball, 4)
Tom Howe to third
Batting: SHB Shane Hutchinson 0-0: Ball
1-0: Called Strike
1-1: Ball
2-1: Fly out, F8 (Line Drive, 8RM)
Runner from 3rd tags up, SCORES, no throw
Batting: SHB Martín Medina 0-0: SINGLE (Groundball, 34D)
Batting: LHB Eric Peterson 0-0: Ball
Martín Medina steals 2nd base
1-0: Ball
2-0: Ball
3-0: Called Strike
3-1: Ground out 1-3 (Groundball, 34S)
Bottom of the 8th over - 1 run(s), 1 hit(s), 0 error(s), 1 left on base; Memphis 3 - Wichita 6
TOP OF THE 9TH
Memphis Blues batting - Pitching for Wichita Wranglers : LHP John Livingston
Pitching: RHP Craig Adams
Batting: RHB Jorge Domínguez 0-0: Ball
1-0: Ball
2-0: Swinging Strike
2-1: Reached on error, E5 (Groundball, 5S)
Batting: RHB Dave Wookey 0-0: Ball
1-0: Fielders Choice at 2nd, 6-4 (Groundball, 6M)
Batting: RHB Dale Taylor 0-0: Ball
1-0: Swinging Strike
1-1: Called Strike
1-2: Ball
2-2: Ball
3-2: Strikes out looking
Batting: RHB Bob Orr 0-0: Called Strike
0-1: Ball
1-1: SINGLE (Line Drive, 9LS)
Dave Wookey to second
Batting: LHB Arturo Rivera 0-0: Called Strike
0-1: Fly out, F6 (Popup, 6M)
Top of the 9th over - 0 run(s), 1 hit(s), 1 error(s), 2 left on base; Memphis 3 - Wichita 6
This league is powered by Out of the Park Baseball, the baseball management simulation game for PC, Mac and Linux
Saturday, April 9th, 2016 - OOTP Baseball 16.8 Build 38